 Dungeon Crawl Stone Soup version 0.15-a0-179-gb770d62 (webtiles) character file.

6779 PolkaDot the Bewitcher (level 10, 0/63 HPs)
             Began as a Vampire Enchanter on Apr 19, 2014.
             Was a Priest of Ashenzari.
             Slain by a wolf (1 damage)
             ... on Level 1 of the Lair of Beasts.
             The game lasted 00:44:41 (7755 turns).

PolkaDot the Bewitcher (Vampire Enchanter)          Turns: 7755, Time: 00:44:41

HP   0/63        AC  7     Str  7      XL: 10   Next: 62%
MP  16/21        EV 13     Int 17      God: Ashenzari [***...]
Gold 510         SH  0     Dex 17      Spells:  6 memorised,  2 levels left

rFire  . . .     SeeInvis +     h - +2 dagger (elec) (curse)
rCold  + + .     Clarity  +     f - +2 robe (curse)
rNeg   + + +     Conserve .     (no shield)
rPois  +         rCorr    .     (no helmet)
rElec  .         rRot     +     x - +1 cloak
SustAb + +       Spirit   .     o - +0 pair of gloves (curse)
rMut   .         Warding  .     (no boots)
Saprov . . .     Stasis   .     (no amulet)
MR     +....                    q - cursed ring of sustain abilities
                                a - cursed ring of sustain abilities

@: non-regenerating, about to teleport, somewhat resistant to hostile
enchantments, extraordinarily stealthy
A: bottle blood, fangs 3, see invisible, unbreathing
a: Bat Form, Bottle Blood, Renounce Religion


You were on level 1 of the Lair of Beasts.
You worshipped Ashenzari.
Ashenzari was most pleased with you.
You were bloodless.

You visited 3 branches of the dungeon, and saw 13 of its levels.

You collected 510 gold pieces.

Inventory:

Hand weapons
 h - a cursed +2,+2 dagger of electrocution (weapon)
Missiles
 d - 12 darts (quivered)
Armour
 f - a cursed +2 robe (worn)
 o - a cursed +0 pair of gloves (worn)
 x - a +1 cloak (worn)
Magical devices
 i - a wand of enslavement (6)
Scrolls
 e - 7 scrolls of teleportation
 j - 6 scrolls of recharging
 k - a scroll of curse jewellery
 s - a scroll of enchant armour
 t - 4 scrolls of amnesia
 u - a scroll of curse weapon
 w - a scroll of magic mapping {unknown}
 y - a scroll of enchant weapon II {unknown}
 A - a scroll of remove curse
Jewellery
 a - a cursed ring of sustain abilities (left hand)
 q - a cursed ring of sustain abilities (right hand)
Potions
 m - a potion of poison {!q}
 n - a potion of restore abilities
 p - 5 potions of curing
 r - 3 potions of might
 v - a potion of agility
 z - a potion of haste
Books
 b - a book of Unlife

   Spells                             Type                      Level
   Recall                             Summoning/Translocation      3
   Animate Dead                       Necromancy                   4
   Control Undead                     Necromancy                   4
   Twisted Resurrection               Necromancy                   5
   Death Channel                      Necromancy                   6
   Simulacrum                         Ice/Necromancy               6


   Skills:
 + Level 7.4(10.4) Short Blades
 - Level 0.7 Throwing
 - Level 2.1 Dodging
 + Level 12.5 Stealth
 - Level 4.3 Spellcasting
 * Level 15.8(17.3) Hexes


You had 2 spell levels left.
You knew the following spells:

 Your Spells              Type           Power        Failure   Level  Hunger
a - Corona                Hex            ######.      0%          1    None
b - Sure Blade            Hex/Chrm       ####......   1%          2    ##.....
c - Confuse               Hex            ######..     1%          3    ###....
d - Ensorcelled Hibernat  Hex/Ice        ####..       1%          2    ##.....
e - Enslavement           Hex            ######..     1%          4    ####...
s - Dazzling Spray        Conj/Hex       ####....     1%          3    ###....


Dungeon Overview and Level Annotations

Branches:
Dungeon (11/15)            Temple (1/1) D:6            Lair (1/8) D:11
    Orc: D:9-12

Altars:
Ashenzari
Cheibriados
Dithmenos
Elyvilon
Fedhas
Kikubaaqudgha
Makhleb
Nemelex Xobeh
Okawaru
Sif Muna
Trog
Vehumet
Xom
Yredelemnul
Zin
The Shining One


Innate Abilities, Weirdness & Mutations

You do not heal naturally.
You can bottle blood from corpses.
You have razor-sharp teeth.*
You have supernaturally acute eyesight.
You can survive without breathing.*


Message History

The wolf bites you. x2
Casting: Dazzling Spray
Confirm with . or Enter, or press ? or * to list all spells.
Aiming: Ensorcelled Hibernation
Press: ? - help, Shift-Dir - straight line, f/p - wolf
Aim: a wolf (heavily wounded, blind)
Okay, then.
Read which item? (? for menu, Esc to quit)
As you read the scroll of teleportation, it crumbles to dust.
You feel strangely unstable. The wolf bites you but does no damage.
The wolf barely misses you. The wolf closely misses you.
The wolf closely misses you. The wolf bites you.
* * * LOW HITPOINT WARNING * * *
The wolf bites you but does no damage. The wolf bites you.
* * * LOW HITPOINT WARNING * * *
The wolf bites you!
* * * LOW HITPOINT WARNING * * *
The wolf closely misses you. The wolf bites you.
You die...

* #.......#..######. * **
#...#...#.## #.. ...#######
.....#.....#####..
......##..###...........#.##P.
h#.............................
..F..........#..................
.....)..........................
.F.......F...h.h................
..............hh@.........%......
......>.......hh.................
...............#.#.#.........#...
....#..##...........#...........
...*###*##...........###.##.#...
. * #P.##P.....## ##.#.##.# *
######.##.## ##....## * ######
##.#### ###


You could see a blink frog and 6 wolves.

Vanquished Creatures
  A hydra (Lair:1)
  A hill giant (D:10)
  A spiny frog (Lair:1)
  2 trolls
  A two-headed ogre (D:8)
  A spriggan (D:8)
  3 hippogriffs
  A necrophage (D:8)
  A porcupine (Lair:1)
  3 sky beasts
  4 ice beasts
  A black bear (D:6)
  A yellow wasp (D:8)
  3 orc warriors
  2 centaurs
  A giant goldfish (D:11)
  Duvessa (D:6)
  3 ogres
  A big kobold (D:9)
  A giant slug (Lair:1)
  6 giant frogs
  2 scorpions
  Dowan (D:6)
  2 crimson imps
  A vampire bat (D:8)
  3 goliath beetles
  4 orc wizards
  7 hounds
  3 orc priests
  2 jellies
  Crazy Yiuf (D:6)
  A big fish (D:11)
  2 iguanas
  5 worker ants
  A big kobold zombie (D:6)
  6 gnolls
  A worker ant zombie (D:8)
  6 adders
  3 shadow imps
  2 giant mites
  7 giant geckos
  2 oozes
  11 orcs
  3 bat skeletons (D:8)
  2 bat zombies (D:8)
  6 giant cockroaches
  15 hobgoblins
  9 jackals
  23 kobolds
  4 quokkas
  3 ball pythons
  15 bats
  5 giant newts
  A giant spore (D:8)
  9 goblins
  An orc skeleton (D:5)
  15 rats
  A rat zombie (D:8)
224 creatures vanquished.

Vanquished Creatures (collateral kills)
  An orc (D:10)
1 creature vanquished.

Grand Total: 225 creatures vanquished

Notes
Turn   | Place    | Note
--------------------------------------------------------------
     0 | D:1      | PolkaDot, the Vampire Enchanter, began the quest for the Orb.
     0 | D:1      | Reached XP level 1. HP: 13/13 MP: 3/3
   202 | D:1      | Reached XP level 2. HP: 14/19 MP: 4/4
   814 | D:1      | Reached XP level 3. HP: 22/24 MP: 6/6
  1192 | D:2      | Reached skill level 5 in Hexes
  1195 | D:2      | Reached XP level 4. HP: 25/30 MP: 7/7
  1954 | D:3      | Reached skill level 6 in Hexes
  1970 | D:3      | Learned a level 3 spell: Confuse
  1973 | D:3      | Learned a level 2 spell: Ensorcelled Hibernation
  2121 | D:3      | Reached XP level 5. HP: 24/35 MP: 9/9
  2400 | D:3      | Reached skill level 5 in Stealth
  2908 | D:4      | Found a shattered altar of Ashenzari.
  2914 | D:4      | Became a worshipper of Ashenzari the Shackled
  3120 | D:5      | Entered Level 5 of the Dungeon
  3127 | D:5      | Reached skill level 7 in Hexes
  3471 | D:5      | Learned a level 2 spell: Sure Blade
  3484 | D:5      | Reached XP level 6. HP: 33/41 MP: 2/10
  3551 | D:5      | Found a snail-covered altar of Cheibriados.
  3565 | D:5      | Reached skill level 8 in Hexes
  3750 | D:6      | Noticed Dowan
  3759 | D:6      | Found a staircase to the Ecumenical Temple.
  3776 | Temple   | Entered the Ecumenical Temple
  3888 | D:6      | Noticed an angel
  3902 | D:6      | Noticed Duvessa
  3916 | D:6      | Killed Duvessa
  4051 | D:6      | Reached skill level 9 in Hexes
  4051 | D:6      | Reached XP level 7. HP: 46/46 MP: 7/12
  4056 | D:6      | Learned a level 3 spell: Dazzling Spray
  4070 | D:6      | Found a bloodstained altar of Trog.
  4219 | D:6      | Reached skill level 10 in Hexes
  4332 | D:6      | Killed Dowan
  4433 | D:6      | Found a blossoming altar of Fedhas.
  4470 | D:6      | Reached XP level 8. HP: 52/52 MP: 14/17
  4479 | D:6      | Noticed an iron devil
  4727 | D:6      | Noticed Crazy Yiuf
  4733 | D:6      | Killed Crazy Yiuf
  4831 | D:7      | Found a glowing golden altar of the Shining One.
  4843 | D:7      | Acquired Ashenzari's first power
  4879 | D:7      | Reached skill level 11 in Hexes
  5262 | D:8      | Learned a level 4 spell: Enslavement
  5268 | D:8      | Noticed a two-headed ogre
  5278 | D:8      | Killed a two-headed ogre
  5410 | D:8      | Reached skill level 12 in Hexes
  5554 | D:8      | Reached XP level 9. HP: 39/57 MP: 16/20
  5656 | D:8      | Reached skill level 10 in Stealth
  5771 | D:8      | Reached skill level 13 in Hexes
  5931 | D:8      | Found an ancient bone altar of Kikubaaqudgha.
  5939 | D:8      | Reached skill level 5 in Short Blades
  6228 | D:9      | Found a shadowy altar of Dithmenos.
  6642 | D:9      | Found a shimmering altar of Xom.
  6676 | D:9      | Reached skill level 14 in Hexes
  6677 | D:9      | Acquired Ashenzari's second power
  6698 | D:10     | Entered Level 10 of the Dungeon
  6874 | D:10     | Noticed a hill giant
  6876 | D:10     | Killed a hill giant
  6876 | D:10     | Reached XP level 10. HP: 63/63 MP: 21/21
  7149 | D:10     | Found a bloodstained altar of Trog.
  7434 | D:11     | Noticed a six-headed hydra
  7451 | D:11     | Reached skill level 15 in Hexes
  7514 | D:11     | Found a staircase to the Lair.
  7528 | Lair:1   | Entered Level 1 of the Lair of Beasts
  7681 | Lair:1   | Noticed a seven-headed hydra
  7692 | Lair:1   | Killed a seven-headed hydra
  7754 | Lair:1   | HP: 1/63 [wolf (10)]
  7755 | Lair:1   | Slain by a wolf

Action                   |  1- 3 |  4- 6 |  7- 9 | 10-12 || total
-------------------------+-------+-------+-------+-------++-------
Melee: Dagger            |    97 |   191 |   150 |    71 ||   509
 Cast: Ensorcelled Hiber |       |    18 |    44 |    23 ||    85
       Confuse           |       |     1 |    13 |       ||    14
       Corona            |       |       |     1 |       ||     1
       Dazzling Spray    |       |       |     3 |     2 ||     5
Evoke: Wand              |       |       |     1 |       ||     1
  Use: Potion            |     1 |       |     1 |     3 ||     5
       Scroll            |       |    20 |     5 |     2 ||    27
 Stab: Sleeping          |    16 |    21 |    59 |    23 ||   119
       Distracted        |       |     1 |       |       ||     1
       Confused          |       |       |     3 |       ||     3
       Invisible         |       |       |       |     1 ||     1
